 Dungeon Crawl Stone Soup version 0.28-a0-1629-gf728b707aa (webtiles) character file.

Game seed: 3782950237271304052

46 Maxmaps the Skirmisher (level 3, 0/31 HPs)
             Began as a Demonspawn Monk on Jan 25, 2022.
             Killed by nerve-wracking pain
             ... invoked by Jessica
              (10 damage)
             ... on level 2 of the Dungeon.
             The game lasted 00:01:48 (1684 turns).

Maxmaps the Skirmisher (Demonspawn Monk)            Turns: 1684, Time: 00:01:48

Health: 0/31       AC:  2    Str: 11    XL:     3   Next: 46%
Magic:  3/3        EV: 12    Int: 13    God:
Gold:   68         SH:  0    Dex: 15    Spells: 2/2 levels left

rFire   . . .      SeeInvis .     - Unarmed
rCold   . . .      Faith    .   (no shield)
rNeg    . . .      Spirit   .   a - +0 robe
rPois   .          Reflect  .   (no helmet)
rElec   .          Harm     .   (no cloak)
rCorr   .          Rampage  .   (no gloves)
Will    .....                   (no boots)
Stlth   ++........              (no amulet)
HPRegen 0.10/turn               (no ring)
MPRegen 0.08/turn               (no ring)

@: no status effects
A: demonic touch 2
a: no special abilities


You were on level 2 of the Dungeon.
You visited 1 branch of the dungeon, and saw 2 of its levels.

You collected 68 gold pieces.

Inventory:

Armour
 a - a +0 robe (worn)
Scrolls
 b - 2 scrolls of teleportation
Potions
 c - a potion of curing {unknown}
 e - 2 potions of mutation {unknown}


   Skills:
 + Level 4.5 Fighting
 - Level 2.6 Dodging
 - Level 1.7 Stealth
 - Level 2.6 Unarmed Combat


You had 2 spell levels left.
You didn't know any spells.
Your spell library was empty.

Dungeon Overview and Level Annotations

Branches:
Dungeon (2/15)

Altars:

Annotations:
D:2 Jessica, Sigmund


Innate Abilities, Weirdness & Mutations

Your touch may inflict irresistible damage on your foes.


Message History

The bat barely misses you. The bat hits you but does no damage.
The bat barely misses you. The bat hits you but does no damage.
The bat closely misses you. The bat hits you. The bat barely misses you.
You hit the bat.
You kill the bat!
You swing at nothing.
You swing at nothing.
You swing at nothing.
You miss the frilled lizard. Your touch misses the frilled lizard.
The frilled lizard bites you.
You miss the frilled lizard. Your touch misses the frilled lizard.
The frilled lizard closely misses you.
You hit the frilled lizard. Your touch misses the frilled lizard.
The frilled lizard is heavily wounded.
The frilled lizard bites you.
* * * LOW HITPOINT WARNING * * *
You closely miss the frilled lizard. Your touch misses the frilled lizard.
The frilled lizard is heavily wounded.
The frilled lizard barely misses you.
You hit the frilled lizard.
You kill the frilled lizard!
You swing at nothing.
As you read the scroll labelled KYOXZE ELAFICH, it crumbles to dust.
You feel strangely unstable.
It was a scroll of teleportation.
As you read the scroll labelled DIDYABRALA, it crumbles to dust.
You assume a fearsome visage.
Nothing appears to happen.
It was a scroll of fear.
Your surroundings suddenly seem different.
Jessica the Apprentice Sorceress comes into view.
She is wielding a +0 club.
Found a robe and 6 gold pieces.
Found a stone staircase leading down.
The helpless Jessica fails to defend herself.
You hit Jessica but do no damage. Jessica hits you with a +0 club.
You hit Jessica.
Jessica is lightly wounded.
Jessica gestures at you while chanting. Pain shoots through your body!
You die...

#.#†# #S #.#l#
#. ### #.#.# #b
#.. ..#(# #. #.#
###.### #g
#####.# #.....#
#.
#...$.###.#.#.##
#g
#.....+......l.#
#.
#>.@@.####..#..#
## #.....#
#......######
#.....#
######...l...
####### ########
# # . #


You could see Jessica.

Vanquished Creatures
  An adder (D:2)
  2 dart slugs
  5 bats
  2 giant cockroaches (D:1)
  3 goblins
  5 hobgoblins
  4 quokkas
  4 frilled lizards
  A kobold (D:1)
  4 rats
31 creatures vanquished.

Notes
Turn   | Place    | Note
-------+----------+-------------------------------------------
     0 | D:1      | Maxmaps the Demonspawn Monk began the quest for the Orb.
     0 | D:1      | Reached XP level 1. HP: 18/18 MP: 1/1
   535 | D:1      | Gained mutation: Your touch may inflict minor irresistible
                  | damage on your foes. [demonic ancestry]
   535 | D:1      | Reached XP level 2. HP: 22/24 MP: 2/2
  1102 | D:2      | Reached skill level 4 in Fighting
  1308 | D:2      | Gained mutation: Your touch may inflict irresistible damage
                  | on your foes. [demonic ancestry]
  1308 | D:2      | Reached XP level 3. HP: 25/31 MP: 3/3
  1602 | D:2      | Noticed Sigmund
  1679 | D:2      | Noticed Jessica
  1684 | D:2      | Killed from afar by Jessica

Illustrated notes

Levels and vault maps discovered:
D:1:      lemuel_arrival_funnel, layout_basic
D:2:      layout_basic, grunt_ministairs_10, minmay_curled_crystal,
          uniq_jessica, uniq_sigmund

Skill      XL: |  1  2 |
---------------+-------+-----
Fighting       | 4 |  4.5
Dodging        | |  2.6
Stealth        | |  1.7
Unarmed Combat | |  2.6

Action                   || total
-------------------------++-------
Melee: Unarmed           ||   114
       Punch             ||     1
       Touch             ||    12
  Use: Scroll            ||     2
 Stab: Sleeping          ||    10
Armor: Robe              ||    26
Dodge: Dodged            ||    80

Table legend: (Time is in decaauts)
 A = Elapsed time spent in this place.
 B = Non-inter-level travel time spent in this place.
 C = Inter-level travel time spent in this place.
 D = Time resting spent in this place.
 E = Time spent auto-exploring this place.
 F = Levels seen in this place.
 G = Mean time per level.
                   A        B        C        D        E       F      G
               +--------+--------+--------+--------+--------+-----+--------+
         Total |   1678 |   1636 |     42 |    264 |   1080 |   2 |  839.0 |
       Dungeon |   1678 |   1636 |     42 |    264 |   1080 |   2 |  839.0 |
               +--------+--------+--------+--------+--------+-----+--------+

Top non-repeatable levels by time:
     D:1: 1078 daAuts
     D:2: 600 daAuts
